 Dungeon Crawl Stone Soup version 0.23.2-1-ga50397a6bc (webtiles) character file.

Game seed: 10636076050665549718

178 Lennu the Skirmisher (level 5, -6/42 HPs)
             Began as a Formicid Fighter on Apr 25, 2019.
             Engulfed by a cloud of flame (27 damage)
             ... on level 4 of the Dungeon.
             The game lasted 00:05:49 (3565 turns).

Lennu the Skirmisher (Formicid Fighter)             Turns: 3565, Time: 00:05:52

Health: -6/42      AC:  8    Str: 21    XL:     5   Next: 89%
Magic:  5/5        EV:  8    Int:  7    God:
Gold:   184        SH: 10    Dex: 11    Spells: 4/4 levels left

rFire    . . .     SeeInvis +   a - +0 long sword
rCold    . . .     Gourm    .   c - +1 shield
rNeg     + . .     Faith    .   b - +0 scale mail
rPois    .         Spirit   .   (helmet unavailable)
rElec    .         Reflect  .   k - +0 cloak
rCorr    .         Harm     .   (no gloves)
MR       .....                  (no boots)
Stlth    ..........             (no amulet)
HPRegen  0.14/turn              m - ring of positive energy
MPRegen  0.09/turn              s - ring of wizardry

@: no status effects
A: permanent stasis, dig shafts and tunnels, four strong arms, antennae 3
a: Dig, Shaft Self


You were on level 4 of the Dungeon.
You were not hungry.

You visited 1 branch of the dungeon, and saw 4 of its levels.

You collected 184 gold pieces.

Inventory:

Hand Weapons
 a - a +0 long sword (weapon)
Armour
 b - a +0 scale mail (worn)
 c - a +1 shield (worn)
 k - a +0 cloak (worn)
Jewellery
 m - a ring of positive energy (left hand)
 s - a ring of wizardry (right hand)
Wands
 u - a wand of iceblast (12)
 x - a wand of digging (8)
Scrolls
 e - 3 scrolls of teleportation
 g - a scroll of amnesia
 h - a scroll of immolation
 i - a scroll of enchant armour
 j - a scroll of identify
 l - 2 scrolls of remove curse
 q - 2 scrolls of fog {unknown}
 y - a scroll of noise {unknown}
Potions
 d - a potion of might
 n - a potion of heal wounds {unknown}
 o - 2 potions of cancellation {unknown}
 p - 2 potions of ambrosia {unknown}
 r - a potion of mutation {unknown}
 t - a potion of curing {unknown}
 w - a potion of lignification {unknown}
Comestibles
 f - 3 rations


   Skills:
 * Level 4.2 Fighting
 * Level 3.6 Long Blades
 * Level 4.2 Armour
 * Level 1.2 Dodging
 - Level 0.3 Stealth
 * Level 4.1 Shields


You had 4 spell levels left.
You didn't know any spells.
Your spell library was empty.

Dungeon Overview and Level Annotations

Branches:
Dungeon (4/15)             Temple (0/1) D:4

Altars:


Innate Abilities, Weirdness & Mutations

You cannot be hasted, slowed, berserked, paralysed or teleported.
You can dig through walls and to a lower floor.
Your four strong arms can wield two-handed weapons with a shield.
You have a pair of large antennae on your head. (SInv)


Message History

As you read the scroll labeled NALEUT LIEFF, it crumbles to dust.
It is a scroll of amnesia.
You feel forgetful for a moment.
As you read the scroll labeled ECOKOMMEON, it crumbles to dust.
The creatures around you are filled with an inner flame!
It was a scroll of immolation.
As you read the scroll labeled WIOCEW TIEX, it crumbles to dust.
It is a scroll of enchant armour.
Your +0 shield glows green for a moment.
As you read the scroll labeled SOPTUO TEN TYC, it crumbles to dust.
It is a scroll of identify.
l - 2 scrolls of remove curse You barely miss the giant cockroach.
You block the giant cockroach's attack.
You slash the giant cockroach!
The giant cockroach explodes!
The fiery explosion engulfs you!!
Ouch! That really hurt!
You are engulfed in blazing flames.
Ouch! That really hurt!
You die...

.# .# #.##
#######.(.##
#
..........#..
..§§.......
#§.§.....#
#.@§.....#
##......## {
##.......
...#... .###
.> .. . ..
#..


There were no monsters in sight!

Vanquished Creatures
  A centaur skeleton (D:2)
  Terence (D:3)
  4 adders
  2 oozes
  An adder skeleton (D:3)
  A worm (D:2)
  4 dart slugs
  5 leopard geckos
  2 orcs (D:3)
  10 giant cockroaches
  4 goblins
  7 hobgoblins
  2 jackals (D:1)
  3 kobolds
  A quokka (D:2)
  3 bats
  3 frilled lizards (D:2)
  7 rats
61 creatures vanquished.

Notes
Turn   | Place    | Note
-------+----------+-------------------------------------------
     0 | D:1      | Lennu the Formicid Fighter began the quest for the Orb.
     0 | D:1      | Reached XP level 1. HP: 18/18 MP: 1/1
    48 | D:1      | Reached XP level 2. HP: 21/24 MP: 2/2
   470 | D:1      | Reached XP level 3. HP: 30/30 MP: 3/3
  1182 | D:2      | Reached XP level 4. HP: 27/37 MP: 4/4
  1896 | D:2      | Reached skill level 1 in Dodging
  2066 | D:2      | Reached XP level 5. HP: 18/42 MP: 5/5
  2510 | D:3      | Noticed Terence
  2530 | D:3      | Killed Terence
  3558 | D:4      | Found a staircase to the Ecumenical Temple.
  3565 | D:4      | Engulfed by a cloud of flame

Skill      XL: |  1  2  3  4  5 |
---------------+----------------+-----
Fighting       | 4 |  4.2
Dodging        | 1 |  1.2
Long Blades    | 3 |  3.6
Armour         | 4 |  4.2
Shields        | 4 |  4.1
Stealth        | |  0.3

Action                   |  1- 3 |  4- 6 || total
-------------------------+-------+-------++-------
Melee: Long sword        |    72 |   138 ||   210
  Use: Scroll            |       |     5 ||     5
  Eat: Chunk             |       |     6 ||     6
       Ration            |       |     1 ||     1
Armor: Scale mail        |    33 |    51 ||    84
Dodge: Dodged            |    29 |    46 ||    75
Block: Shield            |    37 |    76 ||   113
       Rpst.: Long sword |    12 |    16 ||    28
